AoeStats
← A V I C I I

Arabia

509031999Analyzed
1v1 RM · 8d ago on Sep 25, 2026· 51m 21s· 2 players
Game mode
Random Map
Map size
Tiny (2 player)
Population
200
Speed
Normal
Resources
Standard
Victory
Conquest
Starting age
Dark Age
Ending age
Imperial Age
RankedLock teamsTeams togetherTeam positionsShared explorationLock speedFull tech treeHidden civsTurbo modeCheats
Victory
Defeat
🇨🇱 Danes · Chile
1658
+19
🇲🇽 Mongols · Mexico
1719
-19
_BeTo_
5:53 Loom
8:03 Feudal Age
9:01 Double-Bit Axe
9:51 Horse Collar
15:57 Wheelbarrow
15:42 Town Watch
19:32 Castle Age
20:06 Fletching
20:49 Bodkin Arrow
23:47 Bloodlines
29:35 Padded Archer Armor
31:09 Bow Saw
31:27 Husbandry
33:10 Ballistics
37:26 Imperial Age
35:54 Leather Archer Armor
36:04 Hand Cart
35:47 Gold Mining
37:22 Thumb Ring
38:26 Bracer
39:55 Parthian Tactics
40:35 Scale Barding Armor
41:57 Chemistry
40:25 Light Cavalry
41:33 Conscription
43:19 Forging
44:39 Chain Barding Armor
47:17 Hussar
A V I C I I
6:40 Loom
9:12 Feudal Age
9:42 Double-Bit Axe
9:23 Man-at-Arms
16:07 Fletching
21:32 Castle Age
19:34 Horse Collar
20:37 Scale Mail Armor
20:25 Arson
21:05 Scale Mail Armor
21:15 Gold Mining
21:15 Town Watch
21:41 Crossbowman
22:17 Bodkin Arrow
23:40 Bow Saw
25:28 Ballistics
26:03 Wheelbarrow
26:28 Thumb Ring
28:12 Padded Archer Armor
28:45 Hand Cart
36:55 Imperial Age
35:56 Scale Mail Armor
35:58 Squires
36:56 Chain Mail Armor
37:58 Conscription
37:00 Onager
38:44 Chemistry
38:22 Siege Engineers
39:10 Northmen's Fury
41:14 Heavy Scorpion
43:33 Plate Mail Armor
42:57 Pikeman
43:48 Forging
45:06 Masonry
45:02 Bracer
45:40 Iron Casting
45:08 Siege Onager
45:45 Stone Mining
45:41 Halberdier
47:05 Capped Ram
49:09 Blast Furnace
48:52 Bracer
49:04 Arson
48:50 Siege Ram
50:49 Scale Barding Armor
Connection lost

Rejoining the realm…

Still unreachable

The connection could not be restored.

Session expired

The server has moved on; the page needs a fresh start.